 Dungeon Crawl Stone Soup version 0.30.1-11-g7821555f0a (webtiles) character file.

Game seed: 11138096808936906771

1363 SacredBeard the Grave Robber (level 8, -7/61 HPs)
             Began as a Demonspawn Necromancer on Nov 27, 2023.
             Mangled by an orc warrior
             ... wielding a +2 morningstar of protection
              (16 damage)
             ... on level 7 of the Dungeon.
             The game lasted 00:12:35 (5625 turns).

SacredBeard the Grave Robber (DsNe)                 Turns: 5625, Time: 00:12:36

Health: -7/61      AC:  6    Str:  9    XL:     8   Next: 38%
Magic:  22/22      EV: 17    Int: 17    God:
Gold:   222        SH:  0    Dex: 15    Spells: 13/14 levels left

rFire   + . .        t - +5 scimitar
rCold   . . .        (no shield)
rNeg    . . .        D - +1 leather armour {rF+}
rPois   .            (no helmet)
rElec   .            E - +0 cloak
rCorr   .            A - +0 pair of gloves
SInv    .            (no boots)
Will    .....        (no amulet)
Stlth   ++           e - +5 ring of evasion
HPRegen 0.30/turn    j - ring of magical power
MPRegen 0.18/turn

%: no passive effects
@: no status effects
A: hooves 1, foul stench 2, sturdy frame 1
a: no special abilities


You were on level 7 of the Dungeon.
You visited 1 branch of the dungeon, and saw 7 of its levels.

You collected 318 gold pieces.
You spent 96 gold pieces at shops.

Inventory:

Hand Weapons
 r - a +1 vampiric short sword
 t - a +5 scimitar (weapon)
Missiles
 o - a stone
Armour
 A - a +0 pair of gloves (worn)
 D - a +1 leather armour of fire resistance (worn)
 E - a +0 cloak (worn)
Jewellery
 e - a +5 ring of evasion (left hand)
 j - a ring of magical power (right hand)
 w - a +6 ring of strength
Wands
 y - a wand of mindburst (1)
 z - a wand of iceblast (8)
Scrolls
 a - a scroll of fear {unknown}
 f - 3 scrolls of enchant weapon {unknown}
 g - 3 scrolls of immolation {unknown}
 h - a scroll of noise {unknown}
 i - 4 scrolls of identify {unknown}
 k - a scroll of silence {unknown}
 l - a scroll of torment {unknown}
 s - a scroll of acquirement {unknown}
 x - a scroll of vulnerability {unknown}
 B - a scroll of magic mapping {unknown}
 C - a scroll of poison {unknown}
Potions
 b - a potion of magic
 c - 4 potions of resistance {unknown}
 d - 2 potions of cancellation {unknown}
 m - a potion of haste {unknown}
 n - 4 potions of curing
 p - 3 potions of heal wounds
 q - a potion of mutation {unknown}
 u - 2 potions of attraction {unknown}
 v - a potion of flight {unknown}


   Skills:
 + Level 4.4 Fighting
 * Level 1.7 Long Blades
 - Level 2.0 Throwing
 - Level 2.0 Armour
 - Level 2.0 Dodging
 - Level 3.0 Stealth
 + Level 3.6 Spellcasting
 - Level 7.0 Necromancy
 + Level 4.4 Evocations


You had 13 spell levels left.
You knew the following spells:

 Your Spells              Type           Power      Damage    Failure   Level
a - Necrotise             Necr           100%       1d9       1%          1

Your spell library contained the following spells:

 Spells                   Type           Power      Damage    Failure   Level
 Vampiric Draining        Necr           26%        2d7       3%          3
 Animate Dead             Necr           26%        N/A       10%         4
 Scorch                   Fire           6%         2d5       26%         2
 Agony                    Necr           26%        N/A       28%         5
 Ozocubu's Armour         Ice            3%         N/A       47%         3
 Flame Wave               Conj/Fire      3%         2d5       87%         4
 Summon Cactus Giant      Summ           1%         N/A       100%        6
 Ozocubu's Refrigeration  Ice            1%         4d7       100%        7


Dungeon Overview and Level Annotations

Branches:
Dungeon (7/15) Zot: 25902
 Temple: D:4-7

Altars:

Shops:
D:7 [*[:

Annotations:
D:4 1 runed translucent door, Crazy Yiuf
D:5 Duvessa


Innate Abilities, Weirdness & Mutations

You have large cloven feet.
You sometimes emit foul miasma when damaged in melee.
Your movements are slightly less encumbered by armour. (ER -2)


Message History

Things that are here:
a +0 club; a +0 ring mail An orc warrior comes into view.
It is wielding a +2 morningstar of protection.
An orc warrior is nearby!
The orc warrior shouts!
The orc warrior unwields a +2 morningstar of protection.
The orc warrior wields a +0 arbalest.
The orc warrior shoots a bolt.
The bolt closely misses you.
You see here 10 gold pieces.
An orc comes into view. It is wielding a +0 flail.
The orc shouts!
The orc warrior unwields a +0 arbalest.
The orc warrior wields a +2 morningstar of protection.
The orc warrior closely misses you.
You closely miss the orc warrior. Your kick misses the orc warrior.
You hit the orc warrior.
The orc warrior is lightly wounded.
The orc warrior hits you with a +2 morningstar of protection!
The orc closely misses you.
The orc warrior hits you with a +2 morningstar of protection!!
You are too injured to fight recklessly!
You are too injured to fight recklessly!
You are too injured to fight recklessly!
You barely miss the orc warrior.
The orc warrior is lightly wounded.
The orc misses you. The orc warrior completely misses you.
You hit the orc warrior.
You kick the orc warrior, but do no damage.
The orc warrior is moderately wounded.
The orc completely misses you.
The orc warrior hits you with a +2 morningstar of protection!
* * * LOW HITPOINT WARNING * * *
The orc barely misses you.
You closely miss the orc warrior. Your kick misses the orc warrior.
The orc warrior is moderately wounded.
The orc warrior completely misses you. The orc hits you with a +0 flail.
* * * LOW HITPOINT WARNING * * *
You emit a cloud of foul miasma!
The orc warrior hits you with a +2 morningstar of protection!
You die...

#....# ####.
#....# #.
##...# #.
#..## .. #..#
## #..######
#....)..#
##.####$# #.#
#@#
#.....oo......
##############


You could see an orc warrior and an orc.

Vanquished Creatures
  2 ice beasts (D:6)
  An ogre (D:5)
  3 sky beasts (D:6)
  9 wights (D:7)
  A howler monkey (D:5)
  2 jellies (D:6)
  An orc priest (D:4)
  2 iguanas
  Ijyb (D:3)
  2 orc wizards (D:6)
  3 adders
  2 ufetubi (D:6)
  2 worms
  A dart slug (D:2)
  6 orcs
  4 endoplasms (D:3)
  A giant cockroach (D:2)
  3 goblins
  5 hobgoblins
  5 jackals
  4 kobolds
  2 quokkas
  9 ball pythons
  3 bats
  A frilled lizard (D:3)
  3 rats
78 creatures vanquished.

Vanquished Creatures (collateral kills)
  A worm (D:2)
  A rat (D:1)
2 creatures vanquished.

Grand Total: 80 creatures vanquished

Notes
Turn   | Place    | Note
-------+----------+-------------------------------------------
     0 | D:1      | SacredBeard the Demonspawn Necromancer began the quest for
                  | the Orb.
     0 | D:1      | Reached XP level 1. HP: 13/13 MP: 3/3
   501 | D:1      | Gained mutation: You may rarely emit foul miasma when
                  | damaged in melee. [demonic ancestry]
   501 | D:1      | Reached XP level 2. HP: 19/19 MP: 5/5
  1073 | D:2      | Reached XP level 3. HP: 16/25 MP: 6/6
  1265 | D:2      | Found a faded altar of an unknown god.
  1851 | D:3      | Reached skill level 1 in Throwing
  2236 | D:3      | Reached skill level 1 in Evocations
  2311 | D:3      | Reached skill level 1 in Fighting
  2322 | D:3      | Reached XP level 4. HP: 32/32 MP: 7/7
  2420 | D:3      | Reached skill level 5 in Necromancy
  2586 | D:3      | Noticed Ijyb
  2598 | D:3      | Killed Ijyb
  2599 | D:3      | Reached skill level 1 in Armour
  2944 | D:4      | Found a runed translucent door.
  2945 | D:4      | Noticed Crazy Yiuf
  2964 | D:4      | Noticed a lemure
  3018 | D:4      | Noticed an ogre
  3046 | D:5      | Entered Level 5 of the Dungeon
  3105 | D:5      | Noticed an ogre
  3114 | D:5      | Killed an ogre
  3115 | D:5      | Gained mutation: Your movements are slightly less
                  | encumbered by armour. (ER -2) [demonic ancestry]
  3115 | D:5      | Reached XP level 5. HP: 38/38 MP: 8/8
  3130 | D:5      | Noticed Duvessa
  3171 | D:6      | Noticed an ice beast
  3182 | D:6      | Killed an ice beast
  3183 | D:6      | Gained mutation: You sometimes emit foul miasma when
                  | damaged in melee. [demonic ancestry]
  3183 | D:6      | Reached XP level 6. HP: 44/44 MP: 7/9
  3315 | D:6      | Noticed a sky beast
  3331 | D:6      | Killed a sky beast
  3332 | D:6      | Reached skill level 6 in Necromancy
  3500 | D:6      | Noticed an ice beast
  3508 | D:6      | Killed an ice beast
  3509 | D:6      | Gained mutation: You have large cloven feet. [demonic
                  | ancestry]
  3509 | D:6      | Reached XP level 7. HP: 51/51 MP: 10/10
  3793 | D:6      | Reached skill level 7 in Necromancy
  4568 | D:7      | Found Lizoes's Book Shop.
  4616 | D:7      | Found Wawut's Armour Shop.
  4616 | D:7      | Found Dowutsibb's General Store.
  4618 | D:7      | Found Hajaoc's Armour Shop.
  4625 | D:7      | Bought a potion of heal wounds for 60 gold pieces
  4625 | D:7      | Bought a potion of curing for 36 gold pieces
  4770 | D:7      | Reached XP level 8. HP: 8/54 MP: 12/12
  5468 | D:7      | Reached skill level 1 in Long Blades
  5625 | D:7      | Mangled by an orc warrior

Illustrated notes

Levels and vault maps discovered:
D:1:      lightli_arrival_lavapool, layout_basic,
          minmay_misc_feat_secret_circle, minmay_indecisive_spiral
D:2:      minmay_diamond_boxcup, layout_basic, shapermc_ecumenical_altar_venn
D:3:      layout_basic, minmay_splitting_lines, uniq_ijyb
D:4:      layout_rooms, minmay_temple_entry_proselytizer,
          minmay_misc_feat_columns, uniq_crazy_yiuf_cottage, uniq_robin,
          uniq_menkaure, uniq_natasha, uniq_pikel
D:5:      layout_basic, kennysheep_small_spiral, kennysheep_big_empty_room,
          uniq_duvessa, uniq_eustachio
D:6:      layout_gridville, minmay_misc_feat_hallway
D:7:      layout_loops_ring, serial_shops, shop, minmay_shop_grid_forest,
          minmay_misc_feat_tiny, uniq_joseph

Skill      XL: |  1  2  3  4  5  6  7  8 |
---------------+-------------------------+-----
Stealth        | 2 3 |  3.0
Dodging        | 2 |  2.0
Throwing       | 1 2 |  2.0
Evocations     | 1 2 3 4 |  4.4
Fighting       | 1 2 3 4 |  4.4
Necromancy     | 5 6 7 |  7.0
Armour         | 1 2 |  2.0
Spellcasting   | 3 |  3.6
Long Blades    | 1 |  1.7

Action                     |  1- 3 |  4- 6 |  7- 9 || total
---------------------------+-------+-------+-------++-------
  Melee: Hand axe          |    11 |       |       ||    11
         Short sword       |     1 |    19 |    86 ||   106
         Kick              |       |       |    34 ||    34
         Punch             |       |       |     1 ||     1
         Scimitar          |       |       |    20 ||    20
  Throw: Stone             |       |     2 |    20 ||    22
   Cast: Necrotise         |    76 |    72 |    42 ||   190
  Evoke: Wand              |       |     4 |     1 ||     5
 Armour: Robe              |     3 |       |       ||     3
         Leather armour    |       |    10 |    12 ||    22
  Dodge: Dodged            |    34 |    45 |    83 ||   162
